Sharks vs Islanders

Created - 1 octobre 2019 at 18:21

Simulating a Pre-Season

Goals
1 2 3 T
Sharks 0 2 2 4
Islanders 1 2 0 3
Shots
1 2 3 T
Sharks 7 12 12 31
Islanders 14 11 11 36

1st period

1. Islanders , Brandon Saad 3 (Tyler Bozak 3) at 15:12

Penalties :
No Penalty

2nd period

2. Sharks , Jonathan Drouin 3 (Teuvo Teravainen 4, Boone Jenner 3) at 7:18
3. Islanders , Timo Meier 5 (Nicklas Backstrom 4) at 9:54
4. Sharks , Teuvo Teravainen 5 (Jonathan Drouin 4, Tyson Barrie 2) at 10:47
5. Islanders , Tyler Ennis 3 (Radek Faksa 2, Mathew Dumba 5) at 17:21

Penalties :
Colton Sceviour (SJS) for High sticking (Minor) at 3:06

3rd period

6. Sharks , Andreas Johnsson 3 (Boone Jenner 4) at 8:51
7. Sharks , Jonathan Huberdeau 3 (Sidney Crosby 4, Gabriel Landeskog 6) at 13:07

Penalties :
No Penalty

Goalie Stats

Jake Allen (SJS), 33 saves from 36 shots - (0,917), W, 1-1-0, 60:00 minutes
Corey Crawford (NYI), 27 saves from 31 shots - (0,871), L, 2-5-1, 59:24 minutes

Players Stats for Sharks

Player Name              G  A  P  +/- PIM S  H  SB GA TA FO     MP     PP MP  PK MP  
------------------------------------------------------------------------------------
Alex Pietrangelo         0  0  0   0  0   1  0  2  0  1  0/0    21:16   0:00   0:00 
Andreas Johnsson         1  0  1   1  0   3  1  0  0  0  1/3    15:54   0:00   0:00 
Boone Jenner             0  2  2   1  0   1  2  0  1  0  9/14   16:31   0:00   1:01 
Colton Sceviour          0  0  0   0  2   1  2  0  0  0  0/0    19:25   0:00   0:00 
Dylan Larkin             0  0  0   1  0   1  1  0  2  0  7/18   19:38   0:00   0:24 
Gabriel Landeskog        0  1  1  -1  0   1  2  1  1  0  0/0    19:51   0:00   0:25 
Jonathan Drouin          1  1  2   1  0   2  3  2  1  1  0/1    19:16   0:00   0:41 
Jonathan Huberdeau       1  0  1  -1  0   8  1  0  0  0  0/4    20:29   0:00   1:03 
Justin Braun             0  0  0   0  0   1  4  0  0  0  0/0    22:26   0:00   1:10 
Kenny Agostino           0  0  0   0  0   0  0  0  0  0  0/0     0:00   0:00   0:00 
Michael Raffl            0  0  0   1  0   1  0  0  0  0  0/0     6:06   0:00   0:24 
Mirco Mueller            0  0  0   2  0   0  1  0  0  1  0/0    17:43   0:00   1:10 
Robert Thomas            0  0  0   0  0   0  0  0  0  0  0/1     4:59   0:00   0:00 
Shea Theodore            0  0  0   2  0   0  1  1  0  0  0/0    17:55   0:00   0:49 
Sidney Crosby            0  1  1  -1  0   6  3  0  0  0  7/12   17:45   0:00   0:00 
Teuvo Teravainen         1  1  2   1  0   3  1  1  2  0  0/1    18:06   0:00   0:00 
Tyson Barrie             0  1  1  -1  0   1  2  1  0  0  0/0    19:39   0:00   0:00 
Zach Werenski            0  0  0  -1  0   1  1  2  1  3  0/0    21:01   0:00   0:49 

Players Stats for Islanders

Player Name              G  A  P  +/- PIM S  H  SB GA TA FO     MP     PP MP  PK MP  
------------------------------------------------------------------------------------
Alex Goligoski           0  0  0   1  0   4  2  1  0  1  0/0    23:33   0:52   0:00 
Brandon Saad             1  0  1   0  0   5  0  0  1  0  0/0    16:30   0:51   0:00 
Chris Mueller            0  0  0  -1  0   2  2  0  0  0  0/0    12:46   0:51   0:00 
Drake Batherson          0  0  0   0  0   1  1  0  1  0  3/3    10:57   0:00   0:00 
Evan Rodrigues           0  0  0   0  0   3  2  0  0  0  0/0    15:39   0:00   0:00 
Jake Gardiner            0  0  0  -1  0   0  0  3  0  0  0/0    19:01   0:52   0:00 
James Neal               0  0  0   0  0   0  0  0  0  0  0/0    10:57   0:00   0:00 
Jordie Benn              0  0  0  -1  0   0  0  2  0  2  0/0    17:18   0:00   0:00 
Justin Schultz           0  0  0  -1  0   0  0  1  2  0  0/0    19:09   1:07   0:00 
Logan Shaw               0  0  0   0  0   1  1  0  0  1  0/0    10:57   0:00   0:00 
Mathew Dumba             0  1  1   1  0   2  4  1  0  0  0/0    22:53   0:00   0:00 
Nicklas Backstrom        0  1  1   0  0   1  0  1  0  1  14/29  20:38   1:08   0:00 
Radek Faksa              0  1  1  -1  0   1  1  0  0  1  3/6    11:55   0:00   0:00 
Ryan Murray              0  0  0  -1  0   2  0  1  0  1  0/0    18:06   1:07   0:00 
Timo Meier               1  0  1   0  0   2  0  1  0  0  0/1    20:38   1:08   0:00 
Tyler Bozak              0  1  1   0  0   3  1  1  2  0  10/15  15:39   0:00   0:00 
Tyler Ennis              1  0  1  -1  0   5  2  0  0  1  0/0    12:46   0:51   0:00 
Vladimir Tarasenko       0  0  0   0  0   4  2  1  0  0  0/0    20:38   1:08   0:00 

3 Stars

1 - Jonathan Drouin (SJS)
2 - Teuvo Teravainen (SJS)
3 - Boone Jenner (SJS)

Power Play

Sharks - 0 on 0 Attempt(s) - 0,00%
Islanders - 0 on 1 Attempt(s) - 0,00%

Penalty Kill

Sharks - 1 on 1 Attempt(s) - 100,00% - Score 0 goal in Penalty Kill
Islanders - 0 on 0 Attempt(s) - 0,00% - Score 0 goal in Penalty Kill

Team Stat

Sharks - Hits : 25 - Faceoff Wins : 24 - Blocked Shots : 10 - Penalty Minutes : 2
Islanders - Hits : 18 - Faceoff Wins : 30 - Blocked Shots : 13 - Penalty Minutes : 0

Official

Referees : Dave Lewis and Dean Morton
Linesman : Brian Mach and Michel Cormier

Game Notes

No Game Note

Sharks

5 vs 5 Forward 
   Center                   Left Wing                Right Wing               Time % Phy DF OF 
 1 Sidney Crosby            Gabriel Landeskog        Jonathan Huberdeau       35     0   1  4  
 2 Dylan Larkin             Teuvo Teravainen         Jonathan Drouin          35     0   2  3  
 3 Boone Jenner             Andreas Johnsson         Colton Sceviour          30     0   2  3  
 4 Robert Thomas            Colton Sceviour          Michael Raffl            0      0   4  1  

5 vs 5 Defense 
   Defense                  Defense                                           Time % Phy DF OF 
 1 Alex Pietrangelo         Justin Braun                                      35     0   2  3  
 2 Zach Werenski            Tyson Barrie                                      35     0   2  3  
 3 Shea Theodore            Mirco Mueller                                     25     0   3  2  
 4 Mirco Mueller            Shea Theodore                                     5      0   3  2  

PowerPlay Forward 
   Center                   Left Wing                Right Wing               Time % Phy DF OF 
 1 Sidney Crosby            Gabriel Landeskog        Jonathan Drouin          55     0   0  5  
 2 Dylan Larkin             Teuvo Teravainen         Jonathan Huberdeau       45     0   1  4  

PowerPlay Defense
   Defense                  Defense                                           Time % Phy DF OF 
 1 Alex Pietrangelo         Shea Theodore                                     55     0   1  4  
 2 Zach Werenski            Tyson Barrie                                      45     0   1  4  

Penalty Kill 4 Players Forward 
   Center                   Wing                     Time % Phy DF OF 
 1 Colton Sceviour          Boone Jenner             55     0   3  2  
 2 Dylan Larkin             Michael Raffl            45     0   3  2  

Penalty Kill 4 Players Defense
   Defense                  Defense                  Time % Phy DF OF 
 1 Mirco Mueller            Justin Braun             55     0   4  1  
 2 Zach Werenski            Shea Theodore            45     0   4  1  

Penalty Kill - 3 Players Forward 
   Forward                                           Time % Phy DF OF 
 1 Boone Jenner                                      55     0   5  0  
 2 Colton Sceviour                                   45     0   5  0  

Penalty Kill - 3 Players Defense
   Defense                  Defense                  Time % Phy DF OF 
 1 Alex Pietrangelo         Justin Braun             55     0   5  0  
 2 Zach Werenski            Tyson Barrie             45     0   5  0  

4 vs 4 Forward 
   Center                   Wing                     Time % Phy DF OF 
 1 Gabriel Landeskog        Dylan Larkin             55     0   2  3  
 2 Jonathan Huberdeau       Teuvo Teravainen         45     0   2  3  

4 vs 4 Defense
   Defense                  Defense                  Time % Phy DF OF 
 1 Alex Pietrangelo         Justin Braun             55     0   3  2  
 2 Zach Werenski            Tyson Barrie             45     0   3  2  

Last Minutes Offensive
   Center                   Left Wing                Right Wing               Defense                  Defense                  
   Dylan Larkin             Gabriel Landeskog        Jonathan Huberdeau       Alex Pietrangelo         Justin Braun             

Last Minutes Defensive
   Center                   Left Wing                Right Wing               Defense                  Defense                  
   Dylan Larkin             Gabriel Landeskog        Jonathan Huberdeau       Alex Pietrangelo         Justin Braun             

Goaltenders
Starting : Jake Allen               
Backup : Darcy Kuemper            

Extra Forwards
Normal : Andreas Johnsson, Michael Raffl, Colton Sceviour - PP : Andreas Johnsson, Michael Raffl - PK : Colton Sceviour
Extra Defensemen
Normal : Justin Braun, Shea Theodore, Zach Werenski - PP : Alex Pietrangelo - PK : Shea Theodore, Alex Pietrangelo
Penalty Shots
Gabriel Landeskog, Dylan Larkin, Jonathan Huberdeau, Teuvo Teravainen, Boone Jenner
Custom OT Lines Forwards
Sidney Crosby, Dylan Larkin, Jonathan Huberdeau, Teuvo Teravainen, Boone Jenner, Jonathan Drouin, Andreas Johnsson, Michael Raffl, Colton Sceviour, Gabriel Landeskog
Custom OT Lines Defensemen
Alex Pietrangelo, Justin Braun, Zach Werenski, Tyson Barrie, Shea Theodore

Scratches
Mark Borowiecki (Healthy)

Islanders

5 vs 5 Forward 
   Center                   Left Wing                Right Wing               Time % Phy DF OF 
 1 Nicklas Backstrom        Timo Meier               Vladimir Tarasenko       35     0   2  3  
 2 Tyler Bozak              Brandon Saad             Evan Rodrigues           30     0   2  3  
 3 Radek Faksa              Tyler Ennis              Chris Mueller            20     1   2  2  
 4 Drake Batherson          James Neal               Logan Shaw               15     1   3  1  

5 vs 5 Defense 
   Defense                  Defense                                           Time % Phy DF OF 
 1 Alex Goligoski           Mathew Dumba                                      40     0   2  2  
 2 Jordie Benn              Ryan Murray                                       30     1   2  2  
 3 Jake Gardiner            Justin Schultz                                    30     1   2  2  
 4 Alex Goligoski           Mathew Dumba                                      0      1   2  2  

PowerPlay Forward 
   Center                   Left Wing                Right Wing               Time % Phy DF OF 
 1 Nicklas Backstrom        Timo Meier               Vladimir Tarasenko       60     0   0  5  
 2 Chris Mueller            Brandon Saad             Tyler Ennis              40     0   0  5  

PowerPlay Defense
   Defense                  Defense                                           Time % Phy DF OF 
 1 Ryan Murray              Justin Schultz                                    60     1   2  2  
 2 Jake Gardiner            Alex Goligoski                                    40     1   2  2  

Penalty Kill 4 Players Forward 
   Center                   Wing                     Time % Phy DF OF 
 1 Radek Faksa              Brandon Saad             60     1   2  2  
 2 Evan Rodrigues           Logan Shaw               40     1   2  2  

Penalty Kill 4 Players Defense
   Defense                  Defense                  Time % Phy DF OF 
 1 Jordie Benn              Ryan Murray              60     1   2  2  
 2 Alex Goligoski           Mathew Dumba             40     1   2  2  

Penalty Kill - 3 Players Forward 
   Forward                                           Time % Phy DF OF 
 1 Radek Faksa                                       60     1   2  2  
 2 Evan Rodrigues                                    40     1   2  2  

Penalty Kill - 3 Players Defense
   Defense                  Defense                  Time % Phy DF OF 
 1 Jordie Benn              Ryan Murray              60     1   2  2  
 2 Alex Goligoski           Mathew Dumba             40     1   2  2  

4 vs 4 Forward 
   Center                   Wing                     Time % Phy DF OF 
 1 Radek Faksa              Drake Batherson          60     1   2  2  
 2 Evan Rodrigues           Chris Mueller            40     1   2  2  

4 vs 4 Defense
   Defense                  Defense                  Time % Phy DF OF 
 1 Alex Goligoski           Mathew Dumba             60     1   2  2  
 2 Jordie Benn              Ryan Murray              40     1   2  2  

Last Minutes Offensive
   Center                   Left Wing                Right Wing               Defense                  Defense                  
   Nicklas Backstrom        Timo Meier               Vladimir Tarasenko       Alex Goligoski           Mathew Dumba             

Last Minutes Defensive
   Center                   Left Wing                Right Wing               Defense                  Defense                  
   Radek Faksa              Evan Rodrigues           Brandon Saad             Jordie Benn              Ryan Murray              

Goaltenders
Starting : Corey Crawford           
Backup : Keith Kinkaid            

Extra Forwards
Normal : Radek Faksa, Chris Mueller, Drake Batherson - PP : Radek Faksa, Chris Mueller - PK : Drake Batherson
Extra Defensemen
Normal : Jake Gardiner, Justin Schultz, Jordie Benn - PP : Jake Gardiner - PK : Justin Schultz, Jordie Benn
Penalty Shots
Nicklas Backstrom, Vladimir Tarasenko, Timo Meier, Brandon Saad, Tyler Bozak
Custom OT Lines Forwards
Nicklas Backstrom, Vladimir Tarasenko, Timo Meier, Brandon Saad, Tyler Bozak, Radek Faksa, Evan Rodrigues, Chris Mueller, Drake Batherson, Tyler Ennis
Custom OT Lines Defensemen
Alex Goligoski, Mathew Dumba, Jordie Benn, Ryan Murray, Jake Gardiner

Scratches
Will Butcher (Healthy), Kyle Palmieri (Healthy)

% Time on Ice - Sharks

Lines # - Real PCT - Wanted PCT - Time Play
Normal Forward
1 - 32% - 35% - 18:18
2 - 32% - 35% - 18:06
3 - 27% - 30% - 15:30
4 - 9% - 0% - 4:59
Normal Defense
1 - 35% - 35% - 20:08
2 - 36% - 35% - 20:12
3 - 25% - 25% - 14:15
4 - 4% - 5% - 2:18
PP Forward
1 - 0% - 55%
2 - 0% - 45%
PP Defense
1 - 0% - 55%
2 - 0% - 45%
PK Forward
1 - 80% - 55% - 1:35
2 - 20% - 45% - 0:24
PK Defense
1 - 59% - 55% - 1:10
2 - 41% - 45% - 0:49
PK3 Forward
1 - 0% - 55%
2 - 0% - 45%
PK3 Defense
1 - 0% - 55%
2 - 0% - 45%
44 Forward
1 - 0% - 55%
2 - 0% - 45%
44 Defense
1 - 0% - 55%
2 - 0% - 45%
Last Minute Offensive  - 0:00
Last Minute Defensive  - 1:08
Total
Forward - 60:00
Defense - 60:00

% Time on Ice - Islanders

Lines # - Real PCT - Wanted PCT - Time Play
Normal Forward
1 - 32% - 35% - 18:22
2 - 28% - 30% - 15:39
3 - 21% - 20% - 11:55
4 - 19% - 15% - 10:57
Normal Defense
1 - 40% - 40% - 22:53
2 - 30% - 30% - 17:06
3 - 30% - 30% - 16:54
4 - 0% - 0% - 0:00
PP Forward
1 - 57% - 60% - 1:08
2 - 43% - 40% - 0:51
PP Defense
1 - 56% - 60% - 1:07
2 - 44% - 40% - 0:52
PK Forward
1 - 0% - 60%
2 - 0% - 40%
PK Defense
1 - 0% - 60%
2 - 0% - 40%
PK3 Forward
1 - 0% - 60%
2 - 0% - 40%
PK3 Defense
1 - 0% - 60%
2 - 0% - 40%
44 Forward
1 - 0% - 60%
2 - 0% - 40%
44 Defense
1 - 0% - 60%
2 - 0% - 40%
Last Minute Offensive  - 1:08
Last Minute Defensive  - 0:00
Total
Forward - 60:00
Defense - 60:00

Play-by-Play

1st period


0:01 of 1st period - Sidney Crosby wins face-off versus Nicklas Backstrom in neutral zone.
0:08 of 1st period - Wrist shot by Gabriel Landeskog.
0:08 of 1st period - Shot Blocked by Alex Goligoski.
0:10 of 1st period - Wrist shot by Jonathan Huberdeau.
0:10 of 1st period - Stopped by Corey Crawford without a rebound.
0:11 of 1st period - Tyler Bozak wins face-off versus Dylan Larkin in Islanders zone.
0:11 of 1st period - Tyler Bozak is hit by Jonathan Drouin.
0:37 of 1st period - Ryan Murray is hit by Boone Jenner and loses puck.
0:56 of 1st period - Jordie Benn is hit by Jonathan Huberdeau and loses puck.
1:33 of 1st period - Icing by Dylan Larkin.
1:34 of 1st period - Tyler Bozak wins face-off versus Dylan Larkin in Sharks zone.
2:02 of 1st period - Wrist shot by Dylan Larkin.
2:02 of 1st period - Shot Blocked by Mathew Dumba.
3:43 of 1st period - Wrist shot by Vladimir Tarasenko.
3:43 of 1st period - Stopped by Jake Allen with a rebound.
3:45 of 1st period - Wrist shot by Timo Meier.
3:45 of 1st period - Shot Blocked by Zach Werenski.
3:47 of 1st period - Slapshot by Ryan Murray.
3:47 of 1st period - Shot Misses the Net.
3:49 of 1st period - Snap shot by Ryan Murray.
3:49 of 1st period - Stopped by Jake Allen without a rebound.
3:50 of 1st period - Tyler Bozak wins face-off versus Dylan Larkin in Sharks zone.
3:57 of 1st period - Snap shot by Brandon Saad.
3:57 of 1st period - Shot Misses the Net.
4:03 of 1st period - Jake Gardiner is hit by Justin Braun and loses puck.
6:06 of 1st period - Snap shot by Mathew Dumba.
6:06 of 1st period - Stopped by Jake Allen with a rebound.
6:25 of 1st period - Icing by Tyler Ennis.
6:26 of 1st period - Nicklas Backstrom wins face-off versus Robert Thomas in Islanders zone.
6:26 of 1st period - Nicklas Backstrom is hit by Shea Theodore.
6:52 of 1st period - Mirco Mueller is hit by Mathew Dumba and loses puck.
8:01 of 1st period - Ryan Murray is hit by Gabriel Landeskog and loses puck.
8:53 of 1st period - Snap shot by Chris Mueller.
8:53 of 1st period - Stopped by Jake Allen with a rebound.
8:55 of 1st period - Wrist shot by Radek Faksa.
8:55 of 1st period - Stopped by Jake Allen with a rebound.
8:57 of 1st period - Wrist shot by Radek Faksa.
8:57 of 1st period - Shot Blocked by Tyson Barrie.
8:59 of 1st period - Slapshot by Justin Schultz.
8:59 of 1st period - Shot Misses the Net.
9:28 of 1st period - Wrist shot by Vladimir Tarasenko.
9:28 of 1st period - Shot Misses the Net.
9:32 of 1st period - Snap shot by Brandon Saad.
9:32 of 1st period - Stopped by Jake Allen with a rebound.
9:34 of 1st period - Snap shot by Evan Rodrigues.
9:34 of 1st period - Stopped by Jake Allen without a rebound.
9:35 of 1st period - Tyler Bozak wins face-off versus Jonathan Huberdeau in Sharks zone.
9:44 of 1st period - Brandon Saad is hit by Gabriel Landeskog and loses puck.
9:58 of 1st period - Icing by Justin Braun.
9:59 of 1st period - Nicklas Backstrom wins face-off versus Sidney Crosby in Sharks zone.
10:20 of 1st period - Slapshot by Sidney Crosby.
10:20 of 1st period - Stopped by Corey Crawford with a rebound.
10:22 of 1st period - Wrist shot by Jonathan Huberdeau.
10:22 of 1st period - Stopped by Corey Crawford with a rebound.
10:24 of 1st period - Snap shot by Jonathan Huberdeau.
10:24 of 1st period - Stopped by Corey Crawford with a rebound.
10:26 of 1st period - Slapshot by Alex Pietrangelo.
10:26 of 1st period - Shot Misses the Net.
10:28 of 1st period - Snap shot by Sidney Crosby.
10:28 of 1st period - Stopped by Corey Crawford with a rebound.
10:30 of 1st period - Slapshot by Justin Braun.
10:30 of 1st period - Shot Blocked by Jordie Benn.
10:32 of 1st period - Snap shot by Alex Pietrangelo.
10:32 of 1st period - Stopped by Corey Crawford with a rebound.
10:34 of 1st period - Snap shot by Sidney Crosby.
10:34 of 1st period - Stopped by Corey Crawford with a rebound.
10:58 of 1st period - Slapshot by Gabriel Landeskog.
10:58 of 1st period - Shot Blocked by Timo Meier.
11:27 of 1st period - Off-side.
11:28 of 1st period - Tyler Bozak wins face-off versus Boone Jenner in neutral zone.
12:16 of 1st period - Snap shot by Tyler Ennis.
12:16 of 1st period - Shot Blocked by Zach Werenski.
13:34 of 1st period - Icing by Chris Mueller.
13:35 of 1st period - Radek Faksa wins face-off versus Boone Jenner in Islanders zone.
13:35 of 1st period - Radek Faksa is hit by Justin Braun.
14:00 of 1st period - Shea Theodore is hit by Tyler Bozak and loses puck.
14:21 of 1st period - Timo Meier is hit by Sidney Crosby and loses puck.
14:52 of 1st period - Snap shot by Drake Batherson.
14:52 of 1st period - Shot Misses the Net.
15:10 of 1st period - Slapshot by Tyler Bozak.
15:10 of 1st period - Shot Misses the Net.
15:12 of 1st period - Wrist shot by Brandon Saad.
15:12 of 1st period - Goal by Brandon Saad - Sharks : 0 - Islanders : 1.
15:13 of 1st period - Dylan Larkin wins face-off versus Nicklas Backstrom in neutral zone.
15:30 of 1st period - Snap shot by Vladimir Tarasenko.
15:30 of 1st period - Deflect By Timo Meier.
15:30 of 1st period - Shot Misses the Net.
15:30 of 1st period - Puck is out of play.
15:31 of 1st period - Tyler Bozak wins face-off versus Boone Jenner in Sharks zone.
15:32 of 1st period - Slapshot by Evan Rodrigues.
15:32 of 1st period - Shot Misses the Net.
15:34 of 1st period - Snap shot by Brandon Saad.
15:34 of 1st period - Stopped by Jake Allen without a rebound.
15:35 of 1st period - Tyler Bozak wins face-off versus Andreas Johnsson in Sharks zone.
15:54 of 1st period - Evan Rodrigues is hit by Boone Jenner and loses puck.
16:13 of 1st period - Wrist shot by Brandon Saad.
16:13 of 1st period - Shot Misses the Net.
16:15 of 1st period - Snap shot by Evan Rodrigues.
16:15 of 1st period - Stopped by Jake Allen without a rebound.
16:16 of 1st period - Nicklas Backstrom wins face-off versus Dylan Larkin in Sharks zone.
16:27 of 1st period - Snap shot by Vladimir Tarasenko.
16:27 of 1st period - Stopped by Jake Allen with a rebound.
16:52 of 1st period - Snap shot by Logan Shaw.
16:52 of 1st period - Stopped by Jake Allen with a rebound.
16:54 of 1st period - Snap shot by Alex Goligoski.
16:54 of 1st period - Stopped by Jake Allen without a rebound.
16:55 of 1st period - Boone Jenner wins face-off versus Nicklas Backstrom in Sharks zone.
18:27 of 1st period - Brandon Saad is hit by Jonathan Drouin and loses puck.
18:54 of 1st period - Ryan Murray is hit by Sidney Crosby and loses puck.
19:15 of 1st period - Snap shot by Tyler Ennis.
19:15 of 1st period - Stopped by Jake Allen with a rebound.
19:55 of 1st period - Wrist shot by Nicklas Backstrom.
19:55 of 1st period - Shot Misses the Net.
Goals for this period are 0 for Sharks vs 1 for Islanders.
Shots for this period are 7 for Sharks vs 14 for Islanders.

2nd period


0:01 of 2nd period - Dylan Larkin wins face-off versus Nicklas Backstrom in neutral zone.
0:12 of 2nd period - Snap shot by Teuvo Teravainen.
0:12 of 2nd period - Stopped by Corey Crawford with a rebound.
0:14 of 2nd period - Wrist shot by Dylan Larkin.
0:14 of 2nd period - Stopped by Corey Crawford with a rebound.
0:45 of 2nd period - Snap shot by Nicklas Backstrom.
0:45 of 2nd period - Deflect By Timo Meier.
0:45 of 2nd period - Shot Misses the Net.
0:45 of 2nd period - Puck is out of play.
0:46 of 2nd period - Boone Jenner wins face-off versus Tyler Bozak in Sharks zone.
0:51 of 2nd period - Andreas Johnsson is hit by Alex Goligoski and loses puck.
1:12 of 2nd period - Tyson Barrie is hit by Chris Mueller and loses puck.
1:17 of 2nd period - Snap shot by Chris Mueller.
1:17 of 2nd period - Stopped by Jake Allen with a rebound.
1:19 of 2nd period - Slapshot by Alex Goligoski.
1:19 of 2nd period - Stopped by Jake Allen with a rebound.
1:21 of 2nd period - Snap shot by Tyler Ennis.
1:21 of 2nd period - Stopped by Jake Allen without a rebound.
1:22 of 2nd period - Sidney Crosby wins face-off versus Tyler Bozak in Sharks zone.
2:10 of 2nd period - Snap shot by Chris Mueller.
2:10 of 2nd period - Shot Blocked by Shea Theodore.
2:53 of 2nd period - Slapshot by Mathew Dumba.
2:53 of 2nd period - Shot Blocked by Jonathan Drouin.
3:06 of 2nd period - Minor Penalty to Colton Sceviour for High sticking.
3:07 of 2nd period - Nicklas Backstrom wins face-off versus Jonathan Huberdeau in Sharks zone.
3:07 of 2nd period - Backhand shot by Vladimir Tarasenko.
3:07 of 2nd period - Stopped by Jake Allen with a rebound.
3:09 of 2nd period - Wrist shot by Timo Meier.
3:09 of 2nd period - Stopped by Jake Allen without a rebound.
3:10 of 2nd period - Nicklas Backstrom wins face-off versus Jonathan Huberdeau in Sharks zone.
4:46 of 2nd period - Ryan Murray is hit by Jonathan Drouin and loses puck.
5:06 of 2nd period - Penalty to Colton Sceviour is over, Colton Sceviour is back on ice.
5:36 of 2nd period - Wrist shot by Tyler Bozak.
5:36 of 2nd period - Stopped by Jake Allen with a rebound.
5:38 of 2nd period - Snap shot by Tyler Bozak.
5:38 of 2nd period - Stopped by Jake Allen without a rebound.
5:39 of 2nd period - Tyler Bozak wins face-off versus Dylan Larkin in Sharks zone.
5:48 of 2nd period - Evan Rodrigues is hit by Dylan Larkin and loses puck.
6:13 of 2nd period - Robert Thomas is hit by Logan Shaw and loses puck.
6:55 of 2nd period - Timo Meier is hit by Mirco Mueller and loses puck.
7:04 of 2nd period - Snap shot by Timo Meier.
7:04 of 2nd period - Shot Misses the Net.
7:18 of 2nd period - Slapshot by Jonathan Drouin.
7:18 of 2nd period - Goal by Jonathan Drouin - Sharks : 1 - Islanders : 1.
7:19 of 2nd period - Nicklas Backstrom wins face-off versus Dylan Larkin in neutral zone.
8:13 of 2nd period - Justin Schultz is hit by Colton Sceviour and loses puck.
8:20 of 2nd period - Snap shot by Andreas Johnsson.
8:20 of 2nd period - Shot Misses the Net.
8:22 of 2nd period - Wrist shot by Andreas Johnsson.
8:22 of 2nd period - Deflect By Colton Sceviour.
8:22 of 2nd period - Shot Blocked by Justin Schultz.
8:22 of 2nd period - Puck is out of play.
8:23 of 2nd period - Sidney Crosby wins face-off versus Nicklas Backstrom in Islanders zone.
8:50 of 2nd period - Tyler Bozak is hit by Tyson Barrie and loses puck.
9:09 of 2nd period - Boone Jenner is hit by Evan Rodrigues and loses puck.
9:44 of 2nd period - Snap shot by Andreas Johnsson.
9:44 of 2nd period - Shot Blocked by Tyler Bozak.
9:46 of 2nd period - Slapshot by Shea Theodore.
9:46 of 2nd period - Deflect By Colton Sceviour.
9:46 of 2nd period - Stopped by Corey Crawford without a rebound.
9:47 of 2nd period - Dylan Larkin wins face-off versus Timo Meier in Islanders zone.
9:54 of 2nd period - Backhand shot by Timo Meier.
9:54 of 2nd period - Goal by Timo Meier - Sharks : 1 - Islanders : 2.
9:55 of 2nd period - Sidney Crosby wins face-off versus Nicklas Backstrom in neutral zone.
10:27 of 2nd period - Wrist shot by Gabriel Landeskog.
10:27 of 2nd period - Stopped by Corey Crawford with a rebound.
10:47 of 2nd period - Snap shot by Teuvo Teravainen.
10:47 of 2nd period - Goal by Teuvo Teravainen - Sharks : 2 - Islanders : 2.
10:48 of 2nd period - Nicklas Backstrom wins face-off versus Dylan Larkin in neutral zone.
11:15 of 2nd period - Alex Pietrangelo is hit by Tyler Ennis and loses puck.
11:26 of 2nd period - Wrist shot by Radek Faksa.
11:26 of 2nd period - Deflect By Chris Mueller.
11:26 of 2nd period - Shot Blocked by Alex Pietrangelo.
11:26 of 2nd period - Puck is out of play.
11:27 of 2nd period - Dylan Larkin wins face-off versus Tyler Bozak in Sharks zone.
11:27 of 2nd period - Dylan Larkin is hit by Mathew Dumba.
11:38 of 2nd period - Icing by Alex Goligoski.
11:39 of 2nd period - Tyler Bozak wins face-off versus Dylan Larkin in Islanders zone.
11:48 of 2nd period - Wrist shot by Brandon Saad.
11:48 of 2nd period - Shot Misses the Net.
12:14 of 2nd period - Slapshot by Sidney Crosby.
12:14 of 2nd period - Stopped by Corey Crawford without a rebound.
12:15 of 2nd period - Boone Jenner wins face-off versus Nicklas Backstrom in Islanders zone.
12:30 of 2nd period - Wrist shot by Nicklas Backstrom.
12:30 of 2nd period - Stopped by Jake Allen without a rebound.
12:31 of 2nd period - Radek Faksa wins face-off versus Jonathan Huberdeau in Sharks zone.
12:34 of 2nd period - Snap shot by Tyler Ennis.
12:34 of 2nd period - Shot Blocked by Gabriel Landeskog.
12:44 of 2nd period - Slapshot by Jonathan Huberdeau.
12:44 of 2nd period - Stopped by Corey Crawford with a rebound.
12:46 of 2nd period - Snap shot by Gabriel Landeskog.
12:46 of 2nd period - Shot Blocked by Jake Gardiner.
12:48 of 2nd period - Snap shot by Sidney Crosby.
12:48 of 2nd period - Stopped by Corey Crawford with a rebound.
13:36 of 2nd period - Wrist shot by Tyler Bozak.
13:36 of 2nd period - Shot Misses the Net.
15:26 of 2nd period - Justin Schultz is hit by Sidney Crosby and loses puck.
15:43 of 2nd period - Icing by Justin Schultz.
15:44 of 2nd period - Drake Batherson wins face-off versus Sidney Crosby in Islanders zone.
17:01 of 2nd period - Mathew Dumba is hit by Tyson Barrie and loses puck.
17:08 of 2nd period - Zach Werenski is hit by Evan Rodrigues and loses puck.
17:21 of 2nd period - Snap shot by Tyler Ennis.
17:21 of 2nd period - Goal by Tyler Ennis - Sharks : 2 - Islanders : 3.
17:22 of 2nd period - Nicklas Backstrom wins face-off versus Jonathan Drouin in neutral zone.
17:27 of 2nd period - Mirco Mueller is hit by Vladimir Tarasenko and loses puck.
17:50 of 2nd period - Slapshot by Sidney Crosby.
17:50 of 2nd period - Shot Misses the Net.
17:52 of 2nd period - Slapshot by Justin Braun.
17:52 of 2nd period - Stopped by Corey Crawford with a rebound.
18:00 of 2nd period - Gabriel Landeskog is hit by Alex Goligoski and loses puck.
18:21 of 2nd period - Snap shot by Brandon Saad.
18:21 of 2nd period - Stopped by Jake Allen with a rebound.
18:23 of 2nd period - Slapshot by Ryan Murray.
18:23 of 2nd period - Shot Misses the Net.
18:25 of 2nd period - Slapshot by Jordie Benn.
18:25 of 2nd period - Shot Misses the Net.
18:49 of 2nd period - Snap shot by Jonathan Drouin.
18:49 of 2nd period - Shot Misses the Net.
18:51 of 2nd period - Slapshot by Justin Braun.
18:51 of 2nd period - Shot Blocked by Jake Gardiner.
19:03 of 2nd period - Slapshot by Tyson Barrie.
19:03 of 2nd period - Stopped by Corey Crawford with a rebound.
19:05 of 2nd period - Wrist shot by Michael Raffl.
19:05 of 2nd period - Stopped by Corey Crawford without a rebound.
19:06 of 2nd period - Drake Batherson wins face-off versus Sidney Crosby in Islanders zone.
19:47 of 2nd period - Snap shot by Sidney Crosby.
19:47 of 2nd period - Shot Blocked by Ryan Murray.
Goals for this period are 2 for Sharks vs 2 for Islanders.
Shots for this period are 12 for Sharks vs 11 for Islanders.

3rd period


0:01 of 3rd period - Nicklas Backstrom wins face-off versus Teuvo Teravainen in neutral zone.
0:26 of 3rd period - Tyson Barrie is hit by Mathew Dumba and loses puck.
2:05 of 3rd period - Wrist shot by Tyler Ennis.
2:05 of 3rd period - Shot Misses the Net.
2:07 of 3rd period - Wrist shot by Tyler Ennis.
2:07 of 3rd period - Stopped by Jake Allen without a rebound.
2:08 of 3rd period - Nicklas Backstrom wins face-off versus Sidney Crosby in Sharks zone.
2:09 of 3rd period - Wrist shot by Vladimir Tarasenko.
2:09 of 3rd period - Shot Misses the Net.
2:11 of 3rd period - Backhand shot by Mathew Dumba.
2:11 of 3rd period - Stopped by Jake Allen without a rebound.
2:12 of 3rd period - Sidney Crosby wins face-off versus Nicklas Backstrom in Sharks zone.
2:23 of 3rd period - Snap shot by Gabriel Landeskog.
2:23 of 3rd period - Deflect By Jonathan Huberdeau.
2:23 of 3rd period - Shot Misses the Net.
2:23 of 3rd period - Puck is out of play.
2:24 of 3rd period - Andreas Johnsson wins face-off versus Nicklas Backstrom in Islanders zone.
2:48 of 3rd period - Icing by Vladimir Tarasenko.
2:49 of 3rd period - Dylan Larkin wins face-off versus Tyler Bozak in Islanders zone.
3:12 of 3rd period - Icing by Alex Goligoski.
3:13 of 3rd period - Boone Jenner wins face-off versus Nicklas Backstrom in Islanders zone.
3:40 of 3rd period - Snap shot by Brandon Saad.
3:40 of 3rd period - Shot Misses the Net.
3:42 of 3rd period - Slapshot by Brandon Saad.
3:42 of 3rd period - Stopped by Jake Allen with a rebound.
3:44 of 3rd period - Snap shot by Tyler Bozak.
3:44 of 3rd period - Stopped by Jake Allen without a rebound.
3:45 of 3rd period - Tyler Bozak wins face-off versus Dylan Larkin in Sharks zone.
4:10 of 3rd period - Snap shot by Jonathan Drouin.
4:10 of 3rd period - Stopped by Corey Crawford without a rebound.
4:11 of 3rd period - Boone Jenner wins face-off versus Nicklas Backstrom in Islanders zone.
4:12 of 3rd period - Wrist shot by Andreas Johnsson.
4:12 of 3rd period - Stopped by Corey Crawford without a rebound.
4:13 of 3rd period - Nicklas Backstrom wins face-off versus Boone Jenner in Islanders zone.
4:43 of 3rd period - Wrist shot by Jonathan Drouin.
4:43 of 3rd period - Shot Misses the Net.
4:45 of 3rd period - Snap shot by Teuvo Teravainen.
4:45 of 3rd period - Shot Misses the Net.
5:03 of 3rd period - Slapshot by Mathew Dumba.
5:03 of 3rd period - Deflect By Drake Batherson.
5:03 of 3rd period - Stopped by Jake Allen with a rebound.
5:09 of 3rd period - Drake Batherson is hit by Justin Braun and loses puck.
5:34 of 3rd period - Snap shot by Mathew Dumba.
5:34 of 3rd period - Shot Blocked by Alex Pietrangelo.
6:12 of 3rd period - Wrist shot by Sidney Crosby.
6:12 of 3rd period - Stopped by Corey Crawford with a rebound.
6:14 of 3rd period - Snap shot by Jonathan Huberdeau.
6:14 of 3rd period - Deflect By Nicklas Backstrom.
6:14 of 3rd period - Stopped by Corey Crawford with a rebound.
6:34 of 3rd period - Snap shot by James Neal.
6:34 of 3rd period - Shot Blocked by Teuvo Teravainen.
7:09 of 3rd period - Shea Theodore is hit by Vladimir Tarasenko and loses puck.
8:09 of 3rd period - Timo Meier is hit by Justin Braun and loses puck.
8:34 of 3rd period - Slapshot by Brandon Saad.
8:34 of 3rd period - Shot Misses the Net.
8:36 of 3rd period - Snap shot by Evan Rodrigues.
8:36 of 3rd period - Stopped by Jake Allen with a rebound.
8:47 of 3rd period - Icing by Tyler Ennis.
8:48 of 3rd period - Boone Jenner wins face-off versus Radek Faksa in Islanders zone.
8:51 of 3rd period - Wrist shot by Andreas Johnsson.
8:51 of 3rd period - Goal by Andreas Johnsson - Sharks : 3 - Islanders : 3.
8:52 of 3rd period - Nicklas Backstrom wins face-off versus Andreas Johnsson in neutral zone.
9:19 of 3rd period - Tyler Bozak is hit by Teuvo Teravainen and loses puck.
9:42 of 3rd period - Gabriel Landeskog is hit by Tyler Ennis and loses puck.
9:51 of 3rd period - Wrist shot by Tyler Ennis.
9:51 of 3rd period - Stopped by Jake Allen without a rebound.
9:52 of 3rd period - Boone Jenner wins face-off versus Nicklas Backstrom in Sharks zone.
9:59 of 3rd period - Wrist shot by Boone Jenner.
9:59 of 3rd period - Shot Misses the Net.
10:01 of 3rd period - Snap shot by Colton Sceviour.
10:01 of 3rd period - Shot Blocked by Vladimir Tarasenko.
10:03 of 3rd period - Wrist shot by Tyson Barrie.
10:03 of 3rd period - Shot Blocked by Jordie Benn.
10:05 of 3rd period - Snap shot by Andreas Johnsson.
10:05 of 3rd period - Shot Misses the Net.
10:07 of 3rd period - Slapshot by Tyson Barrie.
10:07 of 3rd period - Deflect By Boone Jenner.
10:07 of 3rd period - Shot Misses the Net.
10:07 of 3rd period - Puck is out of play.
10:08 of 3rd period - Sidney Crosby wins face-off versus Tyler Bozak in Islanders zone.
10:11 of 3rd period - Snap shot by Gabriel Landeskog.
10:11 of 3rd period - Shot Misses the Net.
10:19 of 3rd period - Slapshot by Alex Goligoski.
10:19 of 3rd period - Deflect By Jonathan Huberdeau.
10:19 of 3rd period - Stopped by Jake Allen with a rebound.
10:21 of 3rd period - Slapshot by Alex Goligoski.
10:21 of 3rd period - Stopped by Jake Allen with a rebound.
10:23 of 3rd period - Slapshot by Tyler Bozak.
10:23 of 3rd period - Shot Misses the Net.
10:33 of 3rd period - Vladimir Tarasenko is hit by Andreas Johnsson and loses puck.
10:42 of 3rd period - Snap shot by Vladimir Tarasenko.
10:42 of 3rd period - Stopped by Jake Allen with a rebound.
11:44 of 3rd period - Wrist shot by Drake Batherson.
11:44 of 3rd period - Shot Misses the Net.
12:45 of 3rd period - Snap shot by Jonathan Huberdeau.
12:45 of 3rd period - Stopped by Corey Crawford without a rebound.
12:46 of 3rd period - Sidney Crosby wins face-off versus Nicklas Backstrom in Islanders zone.
12:47 of 3rd period - Backhand shot by Jonathan Huberdeau.
12:47 of 3rd period - Shot Misses the Net.
12:49 of 3rd period - Slapshot by Jonathan Huberdeau.
12:49 of 3rd period - Shot Misses the Net.
12:51 of 3rd period - Snap shot by Zach Werenski.
12:51 of 3rd period - Deflect By Nicklas Backstrom.
12:51 of 3rd period - Stopped by Corey Crawford with a rebound.
13:07 of 3rd period - Wrist shot by Jonathan Huberdeau.
13:07 of 3rd period - Goal by Jonathan Huberdeau - Sharks : 4 - Islanders : 3.
13:08 of 3rd period - Nicklas Backstrom wins face-off versus Dylan Larkin in neutral zone.
13:57 of 3rd period - Gabriel Landeskog is hit by Chris Mueller and loses puck.
14:08 of 3rd period - Snap shot by Gabriel Landeskog.
14:08 of 3rd period - Shot Misses the Net.
14:26 of 3rd period - Michael Raffl is hit by Mathew Dumba and loses puck.
14:39 of 3rd period - Slapshot by Vladimir Tarasenko.
14:39 of 3rd period - Shot Misses the Net.
14:49 of 3rd period - Wrist shot by Timo Meier.
14:49 of 3rd period - Shot Blocked by Jonathan Drouin.
15:09 of 3rd period - Jordie Benn is hit by Zach Werenski and loses puck.
15:34 of 3rd period - Slapshot by Ryan Murray.
15:34 of 3rd period - Stopped by Jake Allen without a rebound.
15:35 of 3rd period - Drake Batherson wins face-off versus Boone Jenner in Sharks zone.
16:08 of 3rd period - Jonathan Drouin is hit by Drake Batherson and loses puck.
17:02 of 3rd period - Wrist shot by Boone Jenner.
17:02 of 3rd period - Stopped by Corey Crawford without a rebound.
17:03 of 3rd period - Dylan Larkin wins face-off versus Radek Faksa in Islanders zone.
17:06 of 3rd period - Wrist shot by Teuvo Teravainen.
17:06 of 3rd period - Stopped by Corey Crawford with a rebound.
17:14 of 3rd period - Dylan Larkin is hit by Radek Faksa and loses puck.
17:33 of 3rd period - Timo Meier is hit by Colton Sceviour and loses puck.
17:41 of 3rd period - Off-side.
17:42 of 3rd period - Radek Faksa wins face-off versus Sidney Crosby in neutral zone.
18:14 of 3rd period - Icing by Justin Schultz.
18:15 of 3rd period - Boone Jenner wins face-off versus Nicklas Backstrom in Islanders zone.
18:16 of 3rd period - Snap shot by Andreas Johnsson.
18:16 of 3rd period - Stopped by Corey Crawford without a rebound.
18:17 of 3rd period - Boone Jenner wins face-off versus Radek Faksa in Islanders zone.
18:47 of 3rd period - Slapshot by Sidney Crosby.
18:47 of 3rd period - Shot Blocked by Nicklas Backstrom.
18:49 of 3rd period - Slapshot by Justin Braun.
18:49 of 3rd period - Shot Blocked by Jake Gardiner.
18:51 of 3rd period - Wrist shot by Jonathan Huberdeau.
18:51 of 3rd period - Stopped by Corey Crawford without a rebound.
18:52 of 3rd period - Todd Reirden call a timeout for Islanders.
18:52 of 3rd period - Dylan Larkin wins face-off versus Nicklas Backstrom in Islanders zone.
18:56 of 3rd period - Icing by Nicklas Backstrom.
18:57 of 3rd period - Nicklas Backstrom wins face-off versus Dylan Larkin in Islanders zone.
19:24 of 3rd period - Islanders, Corey Crawford is pulled from the net.
19:42 of 3rd period - Snap shot by Jonathan Huberdeau.
19:42 of 3rd period - Shot Hit the Post.
Goals for this period are 2 for Sharks vs 0 for Islanders.
Shots for this period are 12 for Sharks vs 11 for Islanders.